 Dungeon Crawl Stone Soup version 0.18.1-8-gdd0e5ea (webtiles) character file.

39 Implojin the Insei (level 3, 0/29 HPs)
             Began as a Mummy Monk on May 22, 2016.
             Killed from afar by Natasha (8 damage)
             ... with a magic dart
             ... on level 2 of the Dungeon.
             The game lasted 00:02:52 (1784 turns).

Implojin the Insei (Mummy Monk)                     Turns: 1784, Time: 00:02:53

Health: 0/29       AC:  0    Str: 14    XL:     3   Next: 28%
Magic:  3/3        EV: 13    Int:  9    God:
Gold:   74         SH:  0    Dex: 15    Spells: 0 memorised, 2 levels left

rFire  x . .     SeeInvis .       - Unarmed
rCold  + . .     Gourm    .     (no armour)
rNeg   + + +     Faith    .     (no shield)
rPois  ∞         Spirit   .     (no helmet)
rElec  .         Dismiss  .     (no cloak)
rCorr  .         Reflect  .     (no gloves)
SustAt .         Harm     .     (no boots)
MR     .....                    (no amulet)
Stlth  ++........               (no ring)
                                (no ring)

@: not resistant to hostile enchantments, unstealthy
A: no food or potions, fire vulnerability, cold resistance 1, negative energy
resistance 3, torment resistance, unbreathing
a: no special abilities


You were on level 2 of the Dungeon.
You were not hungry.

You visited 1 branch of the dungeon, and saw 2 of its levels.

You collected 74 gold pieces.

Inventory:

Scrolls
 b - a scroll of remove curse


   Skills:
 - Level 3.0 Fighting
 - Level 2.4 Dodging
 - Level 1.5 Stealth
 * Level 4.2 Unarmed Combat


You had 2 spell levels left.
You didn't know any spells.

Dungeon Overview and Level Annotations

Branches:
Dungeon (2/15)

Altars:
Kikubaaqudgha
The Shining One

Annotations:
D:2 Natasha


Innate Abilities, Weirdness & Mutations

You do not eat or drink.
Your flesh is vulnerable to fire.
You are immune to poison.
Your flesh is cold resistant.
You are immune to negative energy.
You are immune to unholy pain and torment.
You can survive without breathing.


Message History

A worm comes into view.
Found 13 arrows.
The ball python barely misses you. The ball python misses you.
The ball python bites you. The ball python closely misses you.
Natasha, Servant of Life and Death comes into view.
Natasha hisses angrily.
The ball python bites you. The ball python grabs you.
The ball python constricts you. The worm bites you.
Found 14 bolts.
Your attempt to break free from the ball python fails, but you feel that another attempt might succeed.
The ball python bites you. The ball python constricts you. Natasha claws you!
* * * LOW HITPOINT WARNING * * *
You escape the ball python's grasp.
The ball python bites you.
* * * LOW HITPOINT WARNING * * *
The ball python misses you.
Natasha mumbles some strange words.
Read which item? (? for menu, Esc to quit)
As you read the scroll labeled DAAMNA FEUB, it crumbles to dust.
It is a scroll of identify.
Identify which item? (\ to view known items) (? for menu, Esc to quit)
b - a scroll of remove curse The ball python bites you.
* * * LOW HITPOINT WARNING * * *
The ball python closely misses you. The ball python barely misses you.
The ball python misses you.
Natasha wildly gestures.
Natasha shimmers violently.
The ball python bites you.
* * * LOW HITPOINT WARNING * * *
The ball python barely misses you.
You see here a rat corpse.
The shadow imp disappears for a moment.
Things that are here:
a bat skeleton; a giant gecko skeleton; a bat skeleton Read which item? (? for menu, Esc to quit)
Okay, then.
You barely miss Natasha.
Natasha stares at you and mumbles some strange words.
The magic dart hits you!
You die...

#.##....##.#
#.##w##...# #####
#..........#
#.........#
##....######
#.........##
#....##
#.............
#.....#
#.5.......##..
##.....#
#.##.........# <
.......##
#.##S#######.#
........# #.##h#
.#
......#)#####.##@#
.#
...####...(....#.#
... #........#.#
## ###.......%#.#
..............#
######.###.####
#.# #........ ...
#.####### .... #.#


You could see Natasha, a shadow imp and a ball python.

Vanquished Creatures
  A dart slug (D:1)
  2 giant geckos
  A ball python (D:2)
  5 bats
  A giant cockroach (D:1)
  4 hobgoblins (D:1)
  6 jackals
  3 kobolds
  2 giant newts
  4 goblins
  2 rats
31 creatures vanquished.

Notes
Turn   | Place    | Note
--------------------------------------------------------------
     0 | D:1      | Implojin the Mummy Monk began the quest for the Orb.
     0 | D:1      | Reached XP level 1. HP: 18/18 MP: 1/1
   419 | D:1      | Found a glowing golden altar of the Shining One.
   461 | D:1      | Reached XP level 2. HP: 24/24 MP: 2/2
   884 | D:1      | Reached skill level 4 in Unarmed Combat
  1337 | D:2      | Reached XP level 3. HP: 23/29 MP: 3/3
  1658 | D:2      | Found an ancient bone altar of Kikubaaqudgha.
  1768 | D:2      | Noticed Natasha
  1784 | D:2      | Killed from afar by Natasha

Skill      XL: |  1  2 |
---------------+-------+-----
Unarmed Combat | 4 |  4.2
Fighting       | |  3.0
Dodging        | |  2.4
Stealth        | |  1.5

Action                   || total
-------------------------++-------
Melee: Unarmed           ||   104
       Punch             ||     3
  Use: Scroll            ||     1
 Stab: Sleeping          ||     2
Dodge: Dodged            ||    84

Table legend:
 A = Turns spent in this place as a percentage of turns spent in the entire game.
 B = Non-inter-level travel turns spent in this place as a percentage of non-inter-level travel turns spent in the entire game.
 C = Inter-level travel turns spent in this place as a percentage of turns spent in this place.
 D = Turns resting spent in this place as a percentage of non-inter-level travel turns spent in this place.
 E = Turns spent auto-exploring this place as a percentage of non-inter-level travel turns spent in this place.
 F = Non-inter-level travel turns spent in this place divided by the number of levels of this place that you've seen.
                   A       B       C       D       E      F
               +-------+-------+-------+-------+-------+----------------------
         Total | 100.0 | 100.0 |   0.3 |   6.4 |   7.2 | 188.0
       Dungeon | 100.0 | 100.0 |   0.3 |   6.4 |   7.2 | 188.0
               +-------+-------+-------+-------+-------+----------------------

Table legend:
 A = Kills in this place as a percentage of kills in entire the game.
 B = Kills by you in this place as a percentage of kills by you in the entire game.
 C = Kills by friends in this place as a percentage of kills by friends in the entire game.
 D = Other kills in this place as a percentage of other kills in the entire game.
 E = Experience gained in this place as a percentage of experience gained in the entire game.
 F = Experience gained in this place divided by the number of levels of this place that you have seen.
                   A       B       C       D       E      F
               +-------+-------+-------+-------+-------+----------------------
         Total | 100.0 | 100.0 |  -nan |  -nan | 100.0 |  28.5
       Dungeon | 100.0 | 100.0 |  -nan |  -nan | 100.0 |  28.5
               +-------+-------+-------+-------+-------+----------------------
